AoeStats
← | ArCas | Toruk Makto

Arena

509507647Analyzed
4v4 RM · 5d ago on Sep 27, 2026· 80m 43s· 8 players
Game mode
Random Map
Map size
Large (8 player)
Population
200
Speed
Normal
Resources
Standard
Victory
Conquest
Starting age
Dark Age
Ending age
Imperial Age
RankedLock teamsTeams togetherTeam positionsShared explorationLock speedFull tech treeHidden civsTurbo modeCheats
Victory
Defeat
🇺🇸 Hindustanis · United States
1393
+13
🇹🇼 Britons · Taiwan
1349
+15
🇦🇷 Burgundians · Argentina
1343
+15
🇲🇽 Spanish · Mexico
1323
+17
🇨🇴 Saxons · Colombia
1468
-20
🇻🇪 Romans · Venezuela
1460
-19
🇺🇸 Koreans · United States
1320
-15
🇨🇱 Mongols · Chile
1079
-6
IDWARE21
10:06 Feudal Age
12:43 Double-Bit Axe
15:01 Castle Age
12:44 Horse Collar
18:12 Bow Saw
20:08 Wheelbarrow
22:15 Loom
22:16 Town Watch
22:46 Hand Cart
23:55 Scale Barding Armor
24:00 Forging
24:03 Heavy Plow
24:40 Bloodlines
24:31 Husbandry
25:36 Chain Barding Armor
25:14 Gold Mining
25:16 Stone Mining
27:38 Gold Shaft Mining
27:41 Stone Shaft Mining
30:39 Imperial Age
29:07 Iron Casting
28:23 Fletching
28:35 Padded Archer Armor
29:28 Ballistics
29:23 Masonry
31:08 Grand Trunk Road
32:23 Chemistry
31:30 Siege Engineers
32:46 Two-Man Saw
31:33 Heavy Camel Rider
32:50 Plate Barding Armor
33:15 Blast Furnace
32:31 Leather Archer Armor
33:34 Imperial Camel Rider
34:30 Thumb Ring
35:08 Conscription
35:19 Shatagni
36:36 Light Cavalry
37:54 Ring Archer Armor
38:35 Hussar
41:02 Hoardings
50:21 Bodkin Arrow
52:17 Bracer
63:36 Caravan
78:37 Town Patrol
FOX
10:00 Feudal Age
11:35 Loom
14:29 Castle Age
13:13 Double-Bit Axe
15:45 Bow Saw
21:17 Horse Collar
22:30 Wheelbarrow
24:10 Heavy Plow
24:16 Fletching
25:34 Gold Mining
25:55 Town Watch
26:29 Hand Cart
26:52 Stone Mining
31:19 Imperial Age
30:09 Scale Barding Armor
30:16 Forging
30:02 Bodkin Arrow
30:46 Stone Shaft Mining
31:26 Chain Barding Armor
31:55 Bloodlines
31:47 Husbandry
33:06 Two-Man Saw
33:31 Conscription
32:32 Elite Conquistador
32:36 Cavalier
35:25 Plate Barding Armor
38:18 Ballistics
39:00 Chemistry
40:04 Iron Casting
40:41 Bracer
43:06 Paladin
47:25 Blast Furnace
46:37 Padded Archer Armor
54:36 Scale Mail Armor
54:52 Leather Archer Armor
58:42 Ballistics
58:23 Light Cavalry
67:22 Hussar
pasonnosap
10:47 Feudal Age
13:00 Double-Bit Axe
15:19 Fletching
15:29 Padded Archer Armor
15:55 Horse Collar
24:04 Castle Age
22:30 Gold Mining
22:32 Stone Mining
26:33 Crossbowman
30:40 Imperial Age
28:33 Bodkin Arrow
29:47 Wheelbarrow
30:10 Leather Archer Armor
31:02 Ballistics
31:32 Bracer
32:49 Chemistry
31:26 Elite Skirmisher
32:46 Bow Saw
33:26 Ring Archer Armor
33:59 Hand Cart
34:31 Gold Shaft Mining
34:36 Arbalester
38:42 Conscription
39:23 Yeomen
40:57 Hoardings
42:53 Forging
42:48 Scale Barding Armor
42:47 Heavy Plow
44:23 Iron Casting
43:49 Elite Longbowman
44:46 Masonry
44:16 Treadmill Crane
53:16 Loom
59:30 Two-Man Saw
63:27 Scale Mail Armor
63:55 Fortified Wall
64:20 Architecture
66:20 Blast Furnace
65:36 Chain Mail Armor
65:14 Pikeman
70:46 Plate Mail Armor
77:01 Arson
77:20 Squires
77:52 Halberdier
| ArCas | Toruk Makto
3:12 Double-Bit Axe
5:57 Horse Collar
10:55 Feudal Age
16:08 Castle Age
14:41 Heavy Plow
14:54 Bow Saw
17:27 Heavy Plow
18:31 Two-Man Saw
20:34 Loom
22:43 Gold Mining
23:32 Husbandry
24:25 Wheelbarrow
23:38 Town Watch
23:46 Stone Mining
28:16 Imperial Age
26:32 Gold Shaft Mining
25:29 Cavalier
26:54 Forging
26:50 Scale Barding Armor
29:47 Iron Casting
29:32 Chain Barding Armor
29:03 Fletching
28:51 Paladin
31:35 Blast Furnace
31:50 Chemistry
31:01 Masonry
31:43 Conscription
31:44 Hand Cart
34:19 Stone Shaft Mining
36:05 Crop Rotation
37:22 Plate Barding Armor
36:38 Fletching
38:04 Masonry
37:38 Onager
42:34 Light Cavalry
43:13 Hussar
54:37 Ballistics
54:19 Bodkin Arrow
54:24 Padded Archer Armor
56:42 Bracer
56:57 Leather Archer Armor
Tete
10:04 Feudal Age
14:08 Castle Age
11:55 Double-Bit Axe
11:50 Horse Collar
17:20 Town Watch
19:25 Wheelbarrow
22:42 Loom
23:25 Hand Cart
25:25 Bow Saw
25:26 Heavy Plow
29:54 Imperial Age
27:34 Gold Mining
27:35 Stone Mining
27:42 Stone Mining
29:08 Ballistics
28:59 Masonry
30:25 Fletching
31:37 Chemistry
30:44 Siege Engineers
30:07 Heavy Scorpion
31:36 Ballistas
31:56 Conscription
33:31 Gold Shaft Mining
33:34 Bodkin Arrow
34:11 Architecture
33:55 Murder Holes
34:53 Onager
34:56 Capped Ram
36:23 Forging
36:14 Scale Mail Armor
36:14 Padded Archer Armor
36:49 Crop Rotation
36:41 Comitatenses
36:26 Scale Mail Armor
35:48 Siege Ram
36:40 Scale Mail Armor
36:45 Squires
36:05 Man-at-Arms
38:01 Iron Casting
38:16 Long Swordsman
38:17 Pikeman
44:01 Legionary
44:03 Halberdier
45:43 Scale Barding Armor
46:45 Chain Barding Armor
47:26 Blast Furnace
47:11 Bloodlines
47:01 Husbandry
46:22 Light Cavalry
48:15 Plate Barding Armor
52:05 Chain Mail Armor
65:29 Fortified Wall
Tortuga
9:51 Feudal Age
9:57 Feudal Age
11:07 Loom
13:59 Castle Age
12:35 Double-Bit Axe
15:17 Bow Saw
16:35 Horse Collar
22:18 Wheelbarrow
23:17 Gold Mining
24:08 Heavy Plow
24:22 Bow Saw
26:52 Imperial Age
25:32 Squires
25:18 Arson
26:23 Hand Cart
26:44 Gambesons
27:03 Scale Mail Armor
27:14 Forging
26:56 Elite Varangian Guard
28:18 Chain Mail Armor
29:37 Iron Casting
29:28 Town Watch
29:25 Pikeman
30:49 Gold Shaft Mining
30:04 Stone Mining
30:50 Plate Mail Armor
30:26 Shield Wall
33:28 Halberdier
35:35 Two-Man Saw
35:31 Conscription
35:51 Hoardings
38:42 Elite Hearth Troop
40:15 Ballistics
40:55 Chemistry
39:51 Fletching
41:02 Bodkin Arrow
42:12 Bracer
52:03 Elite Skirmisher
52:03 Cranequins
52:53 Padded Archer Armor
55:15 Thumb Ring
56:25 Leather Archer Armor
58:27 Ring Archer Armor
61:28 Fortified Wall
RafaMath
10:38 Feudal Age
12:44 Wheelbarrow
15:28 Castle Age
13:39 Double-Bit Axe
14:37 Horse Collar
16:11 Stone Mining
16:40 Bow Saw
16:20 Town Watch
19:17 Fletching
23:06 Loom
33:26 Imperial Age
31:53 Heavy Plow
33:16 Ballistics
34:37 Drill
35:45 Chemistry
34:17 Heavy Scorpion
36:31 Conscription
39:00 Scale Barding Armor
39:07 Forging
38:24 Light Cavalry
39:15 Bloodlines
39:05 Husbandry
38:49 Onager
40:38 Chain Barding Armor
40:39 Siege Engineers
41:59 Iron Casting
45:04 Hussar
58:34 Hand Cart
68:27 Capped Ram
AiM | _MrSuomi
9:47 Feudal Age
14:38 Castle Age
13:04 Double-Bit Axe
14:04 Horse Collar
21:14 Bow Saw
24:09 Heavy Plow
24:00 Gold Mining
24:50 Wheelbarrow
24:02 Town Watch
30:41 Imperial Age
29:01 Fletching
30:03 Scale Mail Armor
31:26 Chain Mail Armor
31:28 Bodkin Arrow
32:22 Chain Mail Armor
32:10 Bracer
32:46 Elite Fire Lancer
33:42 Chain Mail Armor
33:52 Conscription
35:28 Forging
36:34 Plate Mail Armor
35:46 Elite Skirmisher
37:38 Iron Casting
37:44 Heavy Rocket Cart
39:46 Siege Engineers
43:12 Chemistry
48:51 Shinkichon
49:03 Pikeman
51:08 Halberdier
Connection lost

Rejoining the realm…

Still unreachable

The connection could not be restored.

Session expired

The server has moved on; the page needs a fresh start.